 Dungeon Crawl Stone Soup version 0.31-a0-934-gf4fcaacff8 (webtiles) character file.

Game seed: 10210555714708565456

72664 Bnni the Messiah (level 15, 0/141 HPs)
             Began as a Hill Orc Monk on Oct 20, 2023.
             Was the Champion of Beogh.
             Slain by a bone dragon (1 damage)
             ... on level 2 of the Abyss.
             The game lasted 01:27:14 (23568 turns).

Bnni the Messiah (Hill Orc Monk)                   Turns: 23568, Time: 01:27:14

Health: 0/141      AC: 20    Str: 22      XL:     15   Next: 40%
Magic:  0/27       EV: 12    Int:  7 (10) God:    Beogh [******]
Gold:   1666       SH:  0    Dex: 18      Spells: 14/14 levels left

rFire   + + .        R - +2 trident (heavy)
rCold   . . .        e - +0 kite shield {reflect}
rNeg    . . .        d - +1 chain mail {rF+}
rPois   +            I - +1 helmet "Haig Pogy" {rElec Dex+3 Stlth+}
rElec   +            P - +0 cloak
rCorr   +            (no gloves)
SInv    .            r - +2 pair of boots {Fly}
Will    +....        H - amulet of Sin {Spirit rF+ Dex+2} Stlth
                     v - ring of resist corrosion
HPRegen 0.43/turn    U - ring of poison resistance
MPRegen 0.20/turn

%: reflection, guardian spirit
@: confused, about to teleport, ambrosia-drunk, flying, studying Polearms
A: walk on water, subdued magic 1
a: Renounce Religion, Smiting, Recall Orcish Followers, Give Item to Named
Follower, Resurrection


You were on level 2 of the Abyss.
You worshipped Beogh.
Beogh was exalted by your worship.
You visited 4 branches of the dungeon, and saw 22 of its levels.
You visited the Abyss 1 time.
You also visited: Bailey and Volcano.

You collected 2452 gold pieces.
You spent 786 gold pieces at shops.

Inventory:

Hand Weapons
 R - a +2 heavy trident (weapon)
Missiles
 h - 25 boomerangs
 S - 5 curare-tipped darts
Armour
 d - a +1 chain mail of fire resistance (worn)
 e - a +0 kite shield of reflection (worn)
 m - a +4 crystal plate armour of ponderousness
 r - a +2 pair of boots of flying (worn)
 I - the +1 helmet "Haig Pogy" (worn) {rElec Dex+3 Stlth+}
   (You acquired it on level 5 of the Lair of Beasts)

   Dex+3:     It affects your dexterity (+3).
   rElec:     It insulates you from electricity.
   Stlth+:    It makes you more stealthy.
 P - a +0 cloak (worn)
 Z - a +4 chain mail of cold resistance
Jewellery
 v - a ring of resist corrosion (left hand)
 C - a ring of protection from cold
 F - a ring of positive energy
 H - the amulet of Sin (around neck) {Spirit rF+ Dex+2}
   (You acquired it on level 3 of the Lair of Beasts)

   [amulet of guardian spirit]

   Spirit:    It causes incoming damage to be divided between your reserves of
   health and magic.
   Dex+2:     It affects your dexterity (+2).
   rF+:       It protects you from fire.
 J - a ring of fire
 U - a ring of poison resistance (right hand)
Wands
 k - a wand of mindburst (28)
 L - a wand of light (23)
 O - a wand of flame (44)
 X - a wand of iceblast (5)
Scrolls
 a - 10 scrolls of teleportation
 b - 3 scrolls of revelation
 l - 2 scrolls of enchant armour
 p - a scroll of amnesia
 q - 5 scrolls of immolation
 u - 3 scrolls of torment {unknown}
 A - 8 scrolls of blinking {unknown}
 E - 9 scrolls of fog
 G - 3 scrolls of silence {unknown}
 M - 3 scrolls of fear {unknown}
 V - 2 scrolls of brand weapon
 W - 3 scrolls of enchant weapon
Potions
 c - 2 potions of ambrosia
 f - a potion of attraction {unknown}
 i - 3 potions of berserk rage {unknown}
 j - 4 potions of haste {unknown}
 n - 2 potions of cancellation
 o - 8 potions of curing
 s - 4 potions of might {unknown}
 w - 3 potions of lignification {unknown}
 x - 3 potions of enlightenment
 z - 3 potions of magic {unknown}
 B - 2 potions of resistance
 D - 2 potions of invisibility {unknown}
 K - 2 potions of degeneration {unknown}
 N - a potion of brilliance {unknown}
 T - 3 potions of mutation {unknown}
Miscellaneous
 y - a box of beasts


   Skills:
 + Level 15.1 Fighting
 - Level 14.0 Polearms
 + Level 10.7 Armour
 + Level 8.7 Dodging
 * Level 9.9 Shields
 * Level 16.4 Invocations


You had 14 spell levels left.
You didn't know any spells.
Your spell library contained the following spells:

 Spells                   Type           Power      Damage    Failure   Level
 Freeze                   Ice            0%         1d3       98%         1
 Cigotuvi's Dreadful Rot  Necr/Pois/Air  0%         N/A       99%         2
 Static Discharge         Conj/Air       0%         2-2/arc   99%         2
 Call Canine Familiar     Summ           0%         N/A       100%        3
 Frozen Ramparts          Ice            0%         1d1       100%        3
 Hailstorm                Conj/Ice       0%         3d3       100%        3
 Ignite Poison            Fire/Tmut/Pois 0%         N/A       100%        3
 Ozocubu's Armour         Ice            0%         N/A       100%        3
 Sigil of Binding         Hex            0%         N/A       100%        3
 Airstrike                Air            0%         2d(0-16)  100%        4
 Cause Fear               Hex            0%         N/A       100%        4
 Dimensional Bullseye     Hex/Tloc       0%         N/A       100%        4
 Leda's Liquefaction      Hex/Erth       0%         N/A       100%        4
 Summon Ice Beast         Ice/Summ       0%         N/A       100%        4
 Summon Lightning Spire   Summ/Air       0%         N/A       100%        4
 Vhi's Electric Charge    Tloc/Air       0%         N/A       100%        4
 Arcjolt                  Conj/Air       0%         1d10      100%        5
 Fireball                 Conj/Fire      0%         3d3       100%        5
 Freezing Cloud           Conj/Ice/Air   0%         6-21      100%        5
 Metabolic Englaciation   Hex/Ice        0%         N/A       100%        5
 Conjure Ball Lightning   Conj/Air       0%         3x3d6     100%        6
 Plasma Beam              Fire/Air       0%         2x1d10    100%        6
 Simulacrum               Ice/Necr       0%         N/A       100%        6
 Discord                  Hex            0%         N/A       100%        8
 Disjunction              Tloc           0%         N/A       100%        8
 Maxwell's Capacitive Co  Air            0%         ∞         100%        8
 Dragon's Call            Summ           0%         N/A       100%        9


Dungeon Overview and Level Annotations

Branches:
Dungeon (14/15)            Temple (1/1) D:4            Lair (5/5) D:10
 Shoals (0/4) Lair:2        Snake (0/4) Lair:3        Slime (0/5) Lair:5
    Orc (2/2) D:9             Elf (0/3) Orc:2        Bailey (visited)
Volcano (visited)
 Vaults: D:13-14

Altars:
Ashenzari
Cheibriados
Dithmenos
Elyvilon
Fedhas
Gozag
Hepliaklqana
Kikubaaqudgha
Makhleb
Nemelex Xobeh
Okawaru
Qazlal
Ru
Sif Muna
Trog
Uskayaw
Vehumet
Wu Jian
Xom
Yredelemnul
Zin
The Shining One
Beogh
Lugonu

Shops:
D:5 (   Orc:2 =*=([

Portals:
Abyss: Lair:5

Annotations:
D:14 Louise


Innate Abilities, Weirdness & Mutations

You can walk on water.
Your spells are a little easier to cast, but a little less powerful.


Message History

The starspawn tentacle grabs your butterfly.
The starspawn tentacle constricts your butterfly.
Your butterfly dies!
Your butterfly disappears in a burst of colours!
Unknown command.
As you read the scroll of teleportation, it crumbles to dust.
You feel strangely unstable.
You feel the power of the Abyss delaying your translocation!
The bone dragon closely misses Bladwarg.
The bone dragon claws Bladwarg.
The bone dragon tramples Bladwarg!
Bladwarg stumbles backwards!
Bladwarg hits the bone dragon with a +0 hand axe!
Something misses your butterfly.
The small abomination hits you but does no damage.
You are confused.
You feel invigorated. The bone dragon closely misses you.
The bone dragon claws you!
* * * LOW HITPOINT WARNING * * *
The bone dragon tramples you!
* * * LOW HITPOINT WARNING * * *
You hold your ground!
Bladwarg completely misses the bone dragon.
The small abomination hits you but does no damage.
The starspawn tentacle grabs your butterfly.
The starspawn tentacle constricts your butterfly.
Your butterfly dies!
Your butterfly disappears in a burst of colours!
The bone dragon bites you!
* * * LOW HITPOINT WARNING * * *
The bone dragon claws you!
* * * LOW HITPOINT WARNING * * *
The bone dragon tramples you.
* * * LOW HITPOINT WARNING * * *
You hold your ground!
Bladwarg hits the bone dragon with a +0 hand axe.
The small abomination barely misses you.
The bone dragon bites you!!
* * * LOW HITPOINT WARNING * * *
The bone dragon claws you.
You die...

# # ## ... .. # .#
. . #. .... . . #.
#)# #b##)# #. #X#
##b##D###.#.
.##.Xx@obXw....
.#...bb.##..w.....
##.##.. #########
. #.. # ##..# #.
#. ... ###. # #.#
. .


You could see a bone dragon (ally target), a tentacled starspawn, a thrashing
horror, a large abomination, a small abomination, 2 starspawn tentacles and the
friendly Bladwarg the orc warrior.

Vanquished Creatures
  Rupert (Lair:3)
  3 tentacled starspawn (Abyss:2)
  A great orb of eyes (Abyss:2)
  A catoblepas (Lair:3)
  2 centaur warriors
  2 hydras
  A boulder beetle (D:13)
  5 two-headed ogres
  4 death yaks (Lair:1)
  A thrashing horror (Lair:5)
  An orc high priest (Orc:2)
  Sonja (Lair:2)
  A hell knight (Volcano)
  2 sixfirhies (Abyss:2)
  A deep troll (Lair:2)
  4 ugly things
  2 orc sorcerers
  2 manticores
  3 cyclopes
  6 elephants
  2 black mambas (Lair:2)
  3 slime creatures
  A cane toad (shapeshifter) (Lair:5)
  2 smoke demons
  2 komodo dragons
  2 cane toads
  4 rime drakes
  An unseen horror (D:12)
  3 yaktaurs (Volcano)
  3 ancient zymes (Abyss:2)
  A meliai (D:13)
  A polar bear (Lair:5)
  3 trolls
  A hornet (D:10)
  Prince Ribbit (D:6)
  A raiju (Lair:5)
  A dream sheep (Lair:2)
  9 blink frogs
  A snapping turtle (Lair:2)
  3 large abominations (Abyss:2)
  A vampire (D:9)
  2 ynoxinuls (Abyss:2)
  2 shadows
  7 spriggans
  A water elemental (Lair:2)
  2 wraiths
  8 yaks
  Eustachio (D:6)
  A wyvern (D:9)
  A steam dragon (Bailey)
  A neqoxec (Abyss:2)
  6 basilisks
  A swamp worm (shapeshifter) (D:13)
  3 wargs (D:10)
  Edmund (D:6)
  Menkaure (D:6)
  An acid dragon (D:10)
  6 water moccasins
  4 orc warriors
  A black bear (Lair:3)
  8 centaurs
  10 ogres
  A wolf (Lair:4)
  2 phantoms
  4 kobold brigands
  7 small abominations
  10 bullfrogs
  2 gnoll sergeants (D:10)
  A scorpion (D:3)
  9 wights
  14 killer bees
  An electric eel (Lair:2)
  4 howler monkeys
  A hound (D:7)
  2 iron imps (Abyss:2)
  3 jellies
  3 sleepcaps
  Crazy Yiuf (D:6)
  5 orc priests
  2 gnoll boudas
  Jessica (D:3)
  6 iguanas
  9 orc wizards
  19 gnolls
  6 adders
  2 shadow imps
  5 white imps
  7 ufetubi
  2 worms
  14 dart slugs
  11 orcs
  4 ball pythons
  5 bats
  9 endoplasms
  A giant cockroach (D:3)
  10 goblins
  8 hobgoblins
  2 jackals (D:4)
  4 quokkas
  6 frilled lizards
  13 kobolds
  7 rats
  6 starspawn tentacles (Abyss:2)
387 creatures vanquished.

Vanquished Creatures (collateral kills)
  3 orc warlords (Orc:2)
  The ghost of happy2pester the Severer, a journeyman HOFi of Beogh (D:12)
  Snorg (Lair:4)
  2 hydras (D:13)
  The ghost of JackS81 the Thaumaturge, a journeyman DsVM of Kikubaaqudgha (Lair:2)
  A catoblepas (Lair:5)
  7 death yaks (Lair:1)
  3 two-headed ogres
  A thrashing horror (Lair:5)
  4 skeletal warriors (D:11)
  Lodul (D:12)
  The ghost of Madon the Summoner, a novice FeSu of Gozag (D:12)
  3 orc knights (Orc:2)
  A harpy (shapeshifter) (Lair:5)
  2 oklob plants
  An ugly thing (Lair:5)
  A manticore (D:11)
  2 orc sorcerers (Orc:2)
  3 elephants
  A cyclops (Orc:2)
  3 black mambas
  2 torpor snails
  9 cane toads
  A gargoyle (D:11)
  A rime drake (Lair:3)
  2 unseen horrors
  6 komodo dragons
  A troll (shapeshifter) (Lair:5)
  5 trolls
  2 meliai (D:13)
  A queen bee (D:13)
  21 blink frogs
  A raiju (Lair:5)
  6 dream sheep (Lair:3)
  4 slime creatures
  2 ynoxinuls (Lair:5)
  A wyvern (Lair:1)
  4 basilisks (Lair:5)
  2 spriggans (Lair:5)
  31 yaks
  2 chaos spawn
  10 water moccasins
  2 black bears (Lair:2)
  8 orc warriors (Orc:2)
  13 ogres
  2 wolves (Lair:4)
  8 centaurs
  A phantom (D:6)
  A kobold brigand (D:9)
  8 bullfrogs
  5 small abominations (Lair:5)
  A gnoll sergeant (D:8)
  3 wights
  13 killer bees
  3 jellies (Lair:5)
  4 orc priests (Orc:2)
  6 orc wizards
  A gnoll (D:8)
  12 orcs
  A kobold (D:8)
249 creatures vanquished.

Vanquished Creatures (others)
  2 orc knights
  3 orc sorcerers
  A warg (Orc:2)
  16 orc warriors
  An ogre (Bailey)
  A centaur (D:9)
  A small abomination (Abyss:2)
  11 orc priests
  13 orc wizards
  37 orcs
  An ufetubus (D:5)
  5 starspawn tentacles (Abyss:2)
92 creatures vanquished.

Grand Total: 728 creatures vanquished

Notes
Turn   | Place    | Note
-------+----------+-------------------------------------------
     0 | D:1      | Bnni the Hill Orc Monk began the quest for the Orb.
     0 | D:1      | Reached XP level 1. HP: 19/19 MP: 1/1
   122 | D:1      | Reached XP level 2. HP: 27/27 MP: 2/2
   435 | D:1      | Found a faded altar of an unknown god.
   609 | D:2      | Reached XP level 3. HP: 33/33 MP: 3/3
  1421 | D:3      | Reached XP level 4. HP: 41/41 MP: 4/4
  1509 | D:3      | Noticed Jessica
  1518 | D:3      | Killed Jessica
  1519 | D:3      | Reached skill level 5 in Polearms
  1674 | D:3      | Reached XP level 5. HP: 39/47 MP: 5/5
  1675 | D:3      | Reached skill level 5 in Fighting
  2177 | D:4      | Reached XP level 6. HP: 56/56 MP: 6/6
  2539 | D:4      | Found a staircase to the Ecumenical Temple.
  2552 | Temple   | Entered the Ecumenical Temple
  3057 | D:5      | Entered Level 5 of the Dungeon
  3071 | D:5      | Found Keeppuere's Antique Weapon Shop.
  3166 | D:5      | Became a worshipper of Beogh the Brigand
  3166 | D:5      | Reached * piety under Beogh
  3166 | D:5      | Reached ** piety under Beogh
  3204 | D:5      | Reached XP level 7. HP: 55/63 MP: 7/7
  3353 | D:5      | Identified the +3 halberd of the Hero {heavy, Drain rElec
                  | rN++ SInv}
  3607 | D:5      | Found a hazy altar of Hepliaklqana.
  3889 | D:5      | Reached skill level 1 in Invocations
  3944 | D:5      | Found an iron altar of Okawaru.
  4045 | D:6      | Reached XP level 8. HP: 72/73 MP: 9/9
  4102 | D:6      | Noticed Eustachio
  4138 | D:6      | Killed Eustachio
  4139 | D:6      | Reached skill level 2 in Invocations
  4204 | D:6      | Reached *** piety under Beogh
  4209 | D:6      | Noticed Prince Ribbit
  4235 | D:6      | Killed Prince Ribbit
  4236 | D:6      | Reached skill level 3 in Invocations
  4399 | D:6      | Noticed Edmund
  4445 | D:6      | Killed Edmund
  4446 | D:6      | Reached skill level 4 in Invocations
  4956 | D:6      | Noticed Menkaure
  4964 | D:6      | Killed Menkaure
  4965 | D:6      | Reached skill level 10 in Polearms
  4965 | D:6      | Reached XP level 9. HP: 38/81 MP: 12/12
  5261 | D:6      | Found a runed translucent door.
  5262 | D:6      | Noticed Crazy Yiuf
  5271 | D:6      | Killed Crazy Yiuf
  5556 | D:7      | Reached skill level 5 in Invocations
  7345 | D:8      | Reached skill level 6 in Invocations
  8037 | D:9      | Reached **** piety under Beogh
  8091 | D:9      | Reached skill level 7 in Invocations
  8100 | D:9      | Reached XP level 10. HP: 20/91 MP: 15/15
  8284 | D:9      | Gained Borgoth as an ally
  8344 | D:9      | Found a staircase to the Orcish Mines.
  8353 | D:9      | Found a flagged portal.
  8358 | D:9      | Identified the +1 spear of the Turnip {flame, Dex+3 SInv}
  8362 | Bailey   | Entered a bailey
  8383 | Bailey   | Reached skill level 1 in Armour
  8387 | Bailey   | Reached skill level 10 in Fighting
  8428 | Bailey   | Noticed a two-headed ogre
  8435 | Bailey   | Killed a two-headed ogre
  8436 | Bailey   | Reached skill level 8 in Invocations
  8560 | Bailey   | Identified the +5 broad axe "Zose" {freeze, rPois}
  9040 | D:9      | Noticed a two-headed ogre
  9046 | D:9      | Killed a two-headed ogre
  9169 | D:9      | Noticed a manticore
  9176 | D:9      | Reached XP level 11. HP: 90/101 MP: 17/17
  9178 | D:9      | Killed a manticore
  9554 | D:10     | Entered Level 10 of the Dungeon
  9574 | D:10     | Identified the +2 robe of Lupipej {Rampage rCorr Str-5}
  9603 | D:10     | Found a staircase to the Lair.
  9637 | D:10     | Reached ***** piety under Beogh
  9638 | D:10     | Reached skill level 9 in Invocations
 10115 | D:10     | Noticed a two-headed ogre
 10124 | D:10     | Killed a two-headed ogre
 10298 | D:10     | Noticed a two-headed ogre
 10302 | D:10     | Killed a two-headed ogre
 11187 | D:11     | Noticed a manticore
 11187 | D:11     | Noticed a skeletal warrior
 11187 | D:11     | Noticed a skeletal warrior
 11187 | D:11     | Noticed a skeletal warrior
 11187 | D:11     | Noticed a skeletal warrior
 11290 | D:11     | Noticed a two-headed ogre
 11298 | D:11     | Killed a two-headed ogre
 11299 | D:11     | Reached skill level 5 in Armour
 11615 | Lair:1   | Entered Level 1 of the Lair of Beasts
 11620 | Lair:1   | Gained Wargrak as an ally
 11646 | Lair:1   | Noticed a death yak
 11646 | Lair:1   | Noticed a death yak
 11647 | Lair:1   | Noticed a death yak
 11650 | Lair:1   | Noticed a death yak
 11652 | Lair:1   | Noticed a death yak
 11653 | Lair:1   | Noticed a death yak
 11662 | Lair:1   | Killed a death yak
 11663 | Lair:1   | Killed a death yak
 11664 | Lair:1   | Reached skill level 1 in Shields
 11664 | Lair:1   | Reached skill level 10 in Invocations
 11664 | Lair:1   | Killed a death yak
 11665 | Lair:1   | Reached skill level 5 in Dodging
 11665 | Lair:1   | Reached XP level 12. HP: 51/110 MP: 19/19
 11667 | Lair:1   | Killed a death yak
 11667 | Lair:1   | Killed a death yak
 11668 | Lair:1   | Gained Oreg as an ally
 11668 | Lair:1   | Killed a death yak
 11670 | Lair:1   | Noticed a death yak
 11673 | Lair:1   | Noticed a death yak
 11675 | Lair:1   | Noticed a death yak
 11678 | Lair:1   | Noticed a death yak
 11681 | Lair:1   | Noticed a death yak
 11689 | Lair:1   | Killed a death yak
 11689 | Lair:1   | Killed a death yak
 11692 | Lair:1   | Killed a death yak
 11695 | Lair:1   | Your ally Oreg died
 11696 | Lair:1   | Killed a death yak
 11700 | Lair:1   | Killed a death yak
 11700 | Lair:1   | Gained Bogward as an ally
 11959 | Lair:1   | Found a dark tunnel.
 11969 | Volcano  | Entered a volcano
 12041 | Volcano  | Noticed a hell knight
 12051 | Volcano  | Killed a hell knight
 12133 | Volcano  | Noticed a centaur warrior
 12151 | Volcano  | Reached skill level 11 in Invocations
 12156 | Volcano  | Killed a centaur warrior
 13106 | Lair:2   | Noticed JackS81's ghost (journeyman DsVM)
 13121 | Lair:2   | Found a staircase to the Shoals.
 13243 | Lair:2   | Noticed a six-headed hydra
 13248 | Lair:2   | Killed a seven-headed hydra
 13540 | Lair:2   | Noticed Sonja
 13549 | Lair:2   | Killed Sonja
 13550 | Lair:2   | Reached skill level 5 in Shields
 13629 | Lair:2   | Reached XP level 13. HP: 119/119 MP: 21/21
 14039 | Lair:2   | Found a runed translucent gate.
 14039 | Lair:2   | Found a runed translucent gate.
 14039 | Lair:2   | Found a runed translucent gate.
 14404 | Lair:2   | Reached skill level 12 in Invocations
 14408 | Lair:2   | Killed JackS81's ghost
 14608 | Lair:3   | Found a staircase to the Snake Pit.
 14635 | Lair:3   | Noticed Rupert
 14645 | Lair:3   | Killed Rupert
 14971 | Lair:3   | Identified 2 scrolls of acquirement
 14972 | Lair:3   | Acquired the amulet of Sin {Spirit rF+ Dex+2}
 15285 | Lair:4   | You fall into a shaft and drop 1 floor!
 15285 | Lair:5   | Entered Level 5 of the Lair of Beasts
 15286 | Lair:5   | Found a staircase to the Slime Pits.
 15373 | Lair:4   | Reached ****** piety under Beogh
 15472 | Lair:4   | Noticed Snorg
 15479 | Lair:4   | Killed Snorg
 15705 | Lair:4   | Reached skill level 13 in Invocations
 16435 | Lair:5   | Acquired the +1 helmet "Haig Pogy" {rElec Dex+3 Stlth+}
 16479 | Lair:5   | Reached XP level 14. HP: 124/130 MP: 22/24
 16532 | Lair:5   | Identified the ring "Gixkiomn" {Int+2 Dex+6}
 16637 | Lair:5   | Reached skill level 14 in Invocations
 16771 | Lair:5   | Found a corrupted altar of Lugonu.
 16771 | Lair:5   | Found a one-way gate to the infinite horrors of the Abyss.
 17761 | Orc:1    | Entered Level 1 of the Orcish Mines
 17835 | Orc:1    | Found a burning altar of Makhleb.
 18010 | Orc:2    | Entered Level 2 of the Orcish Mines
 18595 | Orc:2    | Found a staircase to the Elven Halls.
 18613 | Orc:2    | Found Eseu's Jewellery Boutique.
 18616 | Orc:2    | Noticed an orc warlord
 18630 | Orc:2    | Killed an orc warlord
 19140 | Orc:2    | Noticed an orc warlord
 19153 | Orc:2    | Killed an orc warlord
 19197 | Orc:2    | Noticed an orc warlord
 19202 | Orc:2    | Gained Boghold as an ally
 19203 | Orc:2    | Found a roughly hewn altar of Beogh.
 19207 | Orc:2    | Reached skill level 15 in Invocations
 19207 | Orc:2    | Killed an orc warlord
 19207 | Orc:2    | Gained Blodwig as an ally
 19210 | Orc:2    | Found Qompeugy's Antique Armour Emporium.
 19218 | Orc:2    | Found Xiebaxits's General Store.
 19224 | Orc:2    | Found Valo's Jewellery Emporium.
 19229 | Orc:2    | Found Opnaneur's Antique Weapon Emporium.
 19235 | Orc:2    | Your ally Bogward died
 19440 | Orc:2    | Bought a glowing bardiche for 276 gold pieces
 19833 | Orc:2    | Bought a glowing kite shield for 255 gold pieces
 19833 | Orc:2    | Bought a pair of glowing boots for 255 gold pieces
 20084 | D:11     | Reached skill level 10 in Armour
 21204 | D:12     | Found a runed translucent gate.
 21205 | D:12     | Found a runed translucent gate.
 21206 | D:12     | Found a runed translucent gate.
 21210 | D:12     | Noticed happy2pester's ghost (journeyman HOFi)
 21211 | D:12     | Noticed Madon's ghost (novice FeSu)
 21221 | D:12     | Killed Madon's ghost
 21222 | D:12     | Killed happy2pester's ghost
 21244 | D:12     | Acquired a manual of Polearms
 21459 | D:12     | Noticed Lodul
 21466 | D:12     | Killed Lodul
 21905 | D:13     | Reached XP level 15. HP: 105/139 MP: 19/26
 21961 | D:13     | Found a stormy altar of Qazlal.
 22403 | D:13     | Reached skill level 16 in Invocations
 22774 | D:14     | Noticed Louise
 22931 | Abyss:2  | Cast into level 2 of the Abyss (Louise)
 23082 | Abyss:2  | Noticed a tentacled starspawn
 23092 | Abyss:2  | Killed a tentacled starspawn
 23093 | Abyss:2  | Reached skill level 15 in Fighting
 23266 | Abyss:2  | Noticed a tentacled starspawn
 23281 | Abyss:2  | Killed a tentacled starspawn
 23484 | Abyss:2  | Paralysed by a great orb of eyes for 2 turns
 23507 | Abyss:2  | Noticed a tentacled starspawn
 23529 | Abyss:2  | Killed a tentacled starspawn
 23529 | Abyss:2  | Gained Bladwarg as an ally
 23541 | Abyss:2  | Gained mutation: Your spells are a little easier to cast,
                  | but a little less powerful. [a neqoxec]
 23541 | Abyss:2  | Noticed a bone dragon
 23562 | Abyss:2  | Noticed a tentacled starspawn
 23568 | Abyss:2  | HP: 1/141 [bone dragon (12)]
 23568 | Abyss:2  | Slain by a bone dragon

Illustrated notes

Levels and vault maps discovered:
D:1:      minmay_arrival_solitary_statue, layout_rooms,
          dreamdust_ecumenical_altar_statues, minivault_4
D:2:      layout_loops_ring
D:3:      layout_basic, minmay_hedge_maze,
          nicolae_concentric_dashed_squares_wild, uniq_jessica
D:4:      layout_basic, minmay_temple_entry_mist
D:5:      kennysheep_slugbush, layout_basic, mainiacjoe_overflow_alcove_4,
          kennysheep_little_box, serial_shops, shop, st_stairs_2
D:6:      layout_basic, uniq_eustachio, uniq_prince_ribbit1, uniq_menkaure,
          uniq_edmund, uniq_crazy_yiuf_cottage
D:7:      layout_basic
D:8:      layout_cave_pods
D:9:      minmay_recursive_quarters, layout_loops_ring, orc_0_dummy,
          enter_bailey_2, grunt_decor_mini_mirrors
D:10:     kb_forest_paths, layout_loops_corners, erik_lair_orcish_takeover
D:11:     layout_rooms
D:12:     layout_stronghold, gammafunk_ghost_cemetery, uniq_lodul
D:13:     layout_basic, special_room [special_room_bee], grunt_qazlal_sundering
D:14:     layout_basic, grunt_vaults_entry_fortified, amethyst_killhole,
          uniq_louise
Temple:   mainiacjoe_temple_big_plus
Lair:1:   layout_layer_cave, lightli_volcano_entry_magma_tube,
          lemuel_fruit_fields, grunt_megastairs_4
Lair:2:   dreamdust_cave_troll, layout_cave_shapes, minmay_shoals_entry_hut,
          gammafunk_ghost_split, serial_bayou_pond_b, uniq_sonja
Lair:3:   layout_roguey, dummy_snake_entry, pdpol_lair_neglected_garden,
          grunt_megastairs_5, uniq_rupert
Lair:4:   layout_misc_corridors, uniq_snorg
Lair:5:   hellmonk_lair_end_abyssal_woods, layout_cave_shapes,
          nicolae_slime_entry_field_trip, serial_bayou_shore_b
Orc:1:    nicolae_orc_accident_3, layout_diamond_mine, basic_altar
Orc:2:    grunt_orc_cross, layout_diamond_mine, serial_shops,
          nicolae_shop_tiny_real_fake_doors, abandoned_shop,
          dreamdust_deal_with_the_devil
Abyss:2:  base: D:9, minivault_11, hangedman_abyss_shoalhut,
          serial_sigils_hangedman_snap, hangedman_decor_riveting,
          evilmike_abyss_exit_15

Skill      XL: |  1  2  3  4  5  6  7  8  9 10 11 12 13 14 15 |
---------------+----------------------------------------------+-----
Fighting       | 4 5 6 7 8 9 10 11 12 13 14 15 | 15.1
Polearms       | 4 5 6 7 8 10 11 13 14 | 14.0
Invocations    | 1 4 7 8 10 11 13 15 16 | 16.4
Armour         | 3 5 7 9 10 | 10.7
Dodging        | 3 5 6 7 8 |  8.7
Shields        | 1 5 7 9 |  9.9

Action                     |  1- 3 |  4- 6 |  7- 9 | 10-12 | 13-15 || total
---------------------------+-------+-------+-------+-------+-------++-------
  Melee: Spear             |    80 |   156 |   372 |       |       ||   608
         Trident           |       |       |     6 |   309 |   606 ||   921
  Throw: Dart              |       |       |     9 |     9 |     2 ||    20
         Throwing net      |       |       |     2 |     4 |     1 ||     7
         Boomerang         |       |       |     1 |       |       ||     1
 Invoke: Convert to Beogh  |       |     1 |       |       |       ||     1
         Recall Orcish Fol |       |       |       |    14 |    35 ||    49
         Give Item to Name |       |       |       |     3 |     2 ||     5
         Resurrection      |       |       |       |       |     1 ||     1
  Evoke: Wand              |       |       |     4 |    11 |     4 ||    19
    Use: Scroll            |       |     4 |     4 |     4 |    12 ||    24
         Potion            |       |       |     1 |     4 |     9 ||    14
   Stab: Held in net/web   |       |       |     2 |     3 |     1 ||     6
         Distracted        |       |       |       |     1 |     8 ||     9
         Confused          |       |       |       |     1 |       ||     1
         Petrified         |       |       |       |       |     4 ||     4
         Paralysed         |       |       |       |       |     6 ||     6
 Armour: Robe              |     4 |       |       |       |       ||     4
         Ring mail         |     7 |    34 |       |       |       ||    41
         Chain mail        |       |    18 |   199 |   137 |   392 ||   746
         Plate armour      |       |       |       |    68 |       ||    68
  Dodge: Dodged            |    10 |    28 |    83 |    92 |   198 ||   411
  Block: Orb               |     6 |    22 |    60 |    38 |       ||   126
         Reflection        |     1 |     3 |     2 |     5 |    13 ||    24
         Buckler           |       |       |       |    33 |    75 ||   108
         Kite shield       |       |       |       |       |   117 ||   117

Table legend: (Time is in decaauts)
 A = Elapsed time spent in this place.
 B = Non-inter-level travel time spent in this place.
 C = Inter-level travel time spent in this place.
 D = Time resting spent in this place.
 E = Time spent auto-exploring this place.
 F = Levels seen in this place.
 G = Mean time per level.
                   A        B        C        D        E       F      G
               +--------+--------+--------+--------+--------+-----+--------+
         Total |  23426 |  22204 |   1222 |   3901 |  12971 |  25 |  937.0 |
       Dungeon |  14137 |  13304 |    833 |   1893 |   8622 |  14 | 1009.8 |
        Temple |      1 |      1 |      0 |      0 |      0 |   1 |    1.0 |
          Lair |   5768 |   5541 |    227 |    586 |   3609 |   5 | 1153.6 |
  Orcish Mines |   2272 |   2110 |    162 |    881 |    659 |   2 | 1136.0 |
         Abyss |    636 |    636 |      0 |    297 |      0 |   1 |  636.0 |
        Bailey |    291 |    291 |      0 |     91 |     81 |   1 |  291.0 |
       Volcano |    318 |    318 |      0 |    153 |      0 |   1 |  318.0 |
               +--------+--------+--------+--------+--------+-----+--------+

Top non-repeatable levels by time:
    D:10: 1975 daAuts
   Orc:2: 1936 daAuts
     D:7: 1552 daAuts
  Lair:2: 1488 daAuts
     D:6: 1457 daAuts
     D:9: 1414 daAuts
  Lair:5: 1382 daAuts
  Lair:1: 1112 daAuts
    D:13: 1110 daAuts
    D:12: 1041 daAuts
  Lair:4: 1024 daAuts
     D:4: 980 daAuts
     D:5: 922 daAuts
     D:8: 850 daAuts
     D:2: 808 daAuts
